 Dungeon Crawl Stone Soup version 0.27.1-4-g1640c2035a (webtiles) character file.

Game seed: 524282682693917885

167536 bearlyready the Unseen (level 18, -1/116 HPs)
             Began as a Kobold Berserker on Nov 17, 2021.
             Was the Champion of Trog.
             Killed from afar by a will-o-the-wisp (21 damage)
             ... with a foxfire
             ... on level 4 of the Swamp.
             The game lasted 00:53:07 (33110 turns).

bearlyready the Unseen (Kobold Berserker)          Turns: 33110, Time: 00:53:08

Health: -1/116     AC: 14    Str: 15    XL:     18   Next: 56%
Magic:  18/18      EV: 33    Int:  7    God:    Trog [******]
Gold:   900        SH: 12    Dex: 21    Spells: 17/17 levels left

rFire    . . .     SeeInvis .   K - +9 quick blade (vorpal)
rCold    . . .     Faith    .   t - +0 kite shield {reflect}
rNeg     . . .     Spirit   .   V - +2 leather armour {rPois}
rPois    +         Reflect  +   a - +2 helmet
rElec    .         Harm     .   R - +1 cloak {Will+}
rCorr    .         Rampage  .   M - +2 pair of gloves
Will     ++...                  (no boots)
Stlth    +++++++++.             Z - amulet of regeneration
HPRegen  1.29/turn              Y - ring of the Hare {EV+8}
MPRegen  0.16/turn              u - +4 ring of slaying

@: studying Evocations
A: small, no large weapons, nightstalker 3, dopey 1
a: Renounce Religion, Berserk, Trog's Hand, Brothers in Arms


You were on level 4 of the Swamp.
You worshipped Trog.
Trog was exalted by your worship.
You visited 5 branches of the dungeon, and saw 28 of its levels.
You also visited: Ossuary and Gauntlet.

You collected 3311 gold pieces.
You spent 2411 gold pieces at shops.

Inventory:

Hand Weapons
 b - a +1 rapier of venom
 K - a +9 vorpal quick blade (weapon)
Missiles
 p - 46 boomerangs (quivered)
 E - 2 atropa-tipped darts
 T - 109 poisoned darts
 W - 11 curare-tipped darts
Armour
 a - a +2 helmet (worn)
 j - a +2 scale mail of cold resistance
 t - a +0 kite shield of reflection (worn)
 M - a +2 pair of gloves (worn)
 R - a +1 cloak of willpower (worn)
 V - a +2 leather armour of poison resistance (worn)
Jewellery
 g - a ring of see invisible
 k - an amulet of the acrobat
 u - a +4 ring of slaying (right hand)
 Y - the ring of the Hare (left hand) {EV+8}
   (You found it on level 2 of the Lair of Beasts)

   [ring of evasion]

   EV:        It affects your evasion (+8).
 Z - an amulet of regeneration (around neck)
Wands
 d - a wand of iceblast (21)
 e - a wand of digging (14)
 h - a wand of flame (5)
 r - a wand of acid (10)
 D - a wand of paralysis (19)
 Q - a wand of mindburst (6)
 X - a wand of polymorph (41)
Scrolls
 i - 9 scrolls of enchant armour
 n - 2 scrolls of blinking
 A - 2 scrolls of silence
 C - 13 scrolls of teleportation
 H - 5 scrolls of holy word
 I - a scroll of magic mapping
 O - 8 scrolls of fog
 S - 5 scrolls of enchant weapon
Potions
 c - 7 potions of haste
 f - 6 potions of cancellation
 l - a potion of invisibility
 m - a potion of berserk rage {unknown}
 o - 2 potions of attraction
 q - 13 potions of flight
 w - 7 potions of mutation
 z - 4 potions of resistance
 G - 7 potions of heal wounds
 J - 4 potions of lignification
 L - 5 potions of ambrosia
 P - 2 potions of might
 U - 10 potions of curing
Miscellaneous
 x - a condenser vane (inert)
 y - a box of beasts (inert)
 B - a piece from Xom's chessboard (15/15)
 N - a phantom mirror (inert)


   Skills:
 + Level 13.9 Fighting
 - Level 12.0 Short Blades
 - Level 5.0 Throwing
 - Level 6.0 Armour
 + Level 16.0 Dodging
 + Level 20.9 Stealth
 + Level 9.5 Shields
 + Level 15.4 Evocations


You had 17 spell levels left.
You didn't know any spells.
Your spell library was empty.

Dungeon Overview and Level Annotations

Branches:
Dungeon (15/15)            Temple (0/1) D:6            Lair (6/6) D:9
  Swamp (4/4) Lair:4        Snake (0/4) Lair:4        Slime (0/5) Lair:6
    Orc (2/2) D:9             Elf (1/3) Orc:2        Vaults (0/5) D:14
 Depths (0/5) D:15        Ossuary (visited)         Gauntlet (visited)

Altars:
Elyvilon
Fedhas
Kikubaaqudgha
Makhleb
Nemelex Xobeh
Qazlal
Trog
Uskayaw
Vehumet
Wu Jian
Xom
The Shining One
Beogh

Shops:
D:11 ?   D:12 *[(*=   D:14 *   Orc:2 (*[?

Portals:
Abyss: Lair:2

Annotations:
Swamp:2 1 runed translucent door, bearlyready's ghost, adept OgGl


Innate Abilities, Weirdness & Mutations

You are small and have problems with some larger weapons.
You are completely attuned to the shadows.
You are dopey. (Int -2)


Message History

The bunyip is almost dead.
The bunyip claws you! You block the bunyip's attack. x2
You hit the bunyip.
The bunyip is almost dead.
You hit the bunyip.
You kill the bunyip!
Trog accepts your kill.
A will-o-the-wisp comes into view.
A bloated husk comes into view.
There are monsters nearby!
There are monsters nearby!
You enter the shallow water.
Moving in this stuff is going to be slow.
The will-o-the-wisp gestures.
The will-o-the-wisp conjures some foxfire! 2 foxfires come into view.
The will-o-the-wisp gestures.
The will-o-the-wisp conjures some foxfire! 2 foxfires come into view.
You completely miss the will-o-the-wisp.
The foxfire dissipates!
You hit the will-o-the-wisp.
The will-o-the-wisp is lightly damaged.
The foxfire hits you!! x2
You puncture the bloated husk!
The bloated husk is heavily damaged.
The will-o-the-wisp gestures.
The will-o-the-wisp conjures some foxfire!
The bloated husk explodes!
The blast of putrescent gases engulfs you!!
* * * LOW HITPOINT WARNING * * *
The blast of putrescent gases engulfs the will-o-the-wisp!!
The blast of putrescent gases engulfs the foxfire!!
The blast of putrescent gases engulfs the foxfire!!! 2 foxfires come into view.
You hit the will-o-the-wisp but do no damage.
The will-o-the-wisp is almost destroyed.
The foxfire hits you!
* * * LOW HITPOINT WARNING * * *
The foxfire hits you!!
You die...

...≈≈...≈.≈≈ #
...≈≈..§.≈≈≈ #
..≈†.≈....≈♣ #
≈.≈.)..≈≈.≈♣# #
..≈.†...≈.≈≈♣ #♣
....)≈.≈≈..≈♣# #♣.
..≈.≈.≈.§..≈≈♣# #♣≈.
..§†.≈≈.≈≈.≈.≈♣ #♣≈≈♣
......§v@..≈.≈.
♣♣##♣.≈.≈
.....≈≈v§.≈.≈..
≈≈♣≈≈≈≈.♣
.≈≈≈...≈..≈..=.
.≈≈≈≈..≈♣
.......≈.≈...≈.
..≈.≈.≈♣♣
≈..≈.≈†...≈..≈....≈≈..§♣
≈..≈.....≈......†≈≈♣♣
.≈.≈≈.≈≈.≈.≈..≈.≈...♣
....≈....≈≈..≈≈.≈..♣♣
≈......≈.....≈.≈...♣♣♣


You could see a will-o-the-wisp.

Vanquished Creatures
  Jorgrun (Orc:1)
  A tentacled monstrosity (Swamp:3)
  Rupert (Lair:3)
  Kirke (D:12)
  A fenstrider witch (Swamp:2)
  A frost giant (Orc:1)
  Louise (D:15)
  2 dire elephants (Lair:6)
  Nessos (Orc:2)
  A minotaur (Gauntlet)
  4 bunyips
  2 ettins
  The ghost of adizb the Blocker, a journeyman MiFi of Uskayaw (Lair:2)
  3 eleionomae
  A shambling mangrove (Swamp:2)
  2 rakshasas (Lair:2)
  Harold (D:8)
  13 hydras
  2 boulder beetles
  4 ogre magi
  Erica (D:9)
  2 ghost crabs
  11 alligators
  7 centaur warriors
  14 two-headed ogres
  3 tengu warriors
  A death yak (Lair:6)
  3 orc high priests
  A thrashing horror (Lair:2)
  Nergalle (D:10)
  Sonja (Lair:1)
  A spectral dire elephant (Lair:6)
  A sixfirhy (Lair:2)
  2 deep trolls (Orc:2)
  2 goliath frogs
  A spectral anaconda (Lair:6)
  A death drake (Gauntlet)
  7 bog bodies
  An obsidian statue (Lair:6)
  3 spriggan druids
  A wizard (D:15)
  Pikel (D:9)
  2 swamp dragons
  2 orc knights
  A deep elf zephyrmancer (Elf:1)
  A spectral wolf spider (Gauntlet)
  3 deep elf pyromancers (Elf:1)
  4 necromancers
  5 will-o-the-wisps
  8 ugly things
  2 oklob plants (Lair:1)
  3 manticores
  A salamander (Lair:4)
  23 cyclopes
  4 orc sorcerers
  27 elephants
  6 black mambas
  A black mamba (shapeshifter) (D:14)
  2 centaur zombies
  A torpor snail (Lair:6)
  2 gargoyles
  8 cane toads
  8 komodo dragons
  2 efreet (D:14)
  3 rime drakes
  Psyche (D:9)
  A queen bee (Lair:3)
  13 trolls
  7 tyrant leeches
  5 hornets
  14 slime creatures
  A slime creature (shapeshifter) (Lair:2)
  12 dream sheep (Lair:5)
  6 blink frogs
  Sigmund (D:5)
  Eustachio (D:5)
  5 spriggans
  2 water elementals (D:13)
  22 yaks
  3 shadows
  5 wraiths
  7 wyverns
  A ynoxinul (Gauntlet)
  2 hogs (D:12)
  3 fire bats (Lair:4)
  2 chaos spawn (Gauntlet)
  A steam dragon (D:6)
  8 basilisks
  Menkaure (D:4)
  A neqoxec (Gauntlet)
  8 vampire mosquitoes
  A naga (Lair:4)
  15 swamp worms
  Edmund (D:5)
  17 water moccasins
  9 wargs
  4 acid dragons
  Duvessa (D:7)
  6 black bears
  2 hornet zombies
  20 orc warriors
  A sky beast (D:5)
  An ice beast (D:6)
  2 necrophages
  30 ogres
  9 wolves
  9 centaurs
  An elephant skeleton (Lair:6)
  2 phantoms
  A kobold brigand (D:8)
  15 bullfrogs
  Dowan (D:7)
  A wyvern zombie (D:6)
  A scorpion (D:5)
  A cane toad simulacrum (Lair:6)
  A water moccasin skeleton (D:5)
  A wyvern skeleton (D:6)
  26 killer bees (Lair:3)
  2 elephant simulacra (Lair:6)
  20 wights
  8 electric eels
  A crimson imp (D:3)
  8 howler monkeys
  A human zombie (Ossuary)
  3 hounds
  10 orc priests
  A bullfrog skeleton (D:3)
  2 iron imps (Gauntlet)
  5 jellies
  A gnoll shaman (D:10)
  4 iguanas
  Terence (D:2)
  19 orc wizards
  2 scorpion zombies (D:5)
  A hell rat (Lair:3)
  2 hound zombies (D:5)
  A hound skeleton (D:5)
  4 mummies
  A howler monkey zombie (D:10)
  7 adders
  A white imp (D:7)
  An ufetubus (D:5)
  2 dart slugs
  75 orcs
  7 ball pythons
  A bat (D:1)
  7 endoplasms
  10 giant cockroaches
  7 goblins
  14 hobgoblins
  5 quokkas
  3 frilled lizards
  A gnoll zombie (Ossuary)
  3 goblin zombies (Ossuary)
  5 hobgoblin zombies
  16 kobolds
  2 kobold zombies (Ossuary)
  An orc zombie (Ossuary)
  4 rats
810 creatures vanquished.

Vanquished Creatures (collateral kills)
  Saint Roka (Orc:2)
  A tentacled monstrosity (Swamp:4)
  A hydra (Swamp:4)
  2 two-headed ogres (Orc:2)
  A goliath frog (Swamp:4)
  A spriggan druid (Swamp:4)
  A necromancer (Lair:6)
  2 deep elf zephyrmancers (Elf:1)
  2 elephants (Lair:6)
  A troll (Orc:2)
  2 swamp drakes (Swamp:4)
  2 orc warriors (Orc:2)
  An ogre (Orc:2)
  2 orc priests (Orc:2)
  2 orc wizards (Orc:2)
  3 orcs (Orc:2)
25 creatures vanquished.

Vanquished Creatures (others)
  A bunyip (Swamp:4)
  A bloated husk (Swamp:4)
  5 foxfires (Swamp:4)
  29 fungi
  54 plants
  20 withered plants (Lair:6)
110 creatures vanquished.

Grand Total: 945 creatures vanquished

Notes
Turn   | Place    | Note
-------+----------+-------------------------------------------
     0 | D:1      | bearlyready the Kobold Berserker began the quest for the
                  | Orb.
     0 | D:1      | Reached XP level 1. HP: 14/14 MP: 1/1
   130 | D:1      | Reached skill level 1 in Stealth
   233 | D:1      | Reached XP level 2. HP: 15/19 MP: 2/2
   665 | D:1      | Reached skill level 2 in Stealth
   753 | D:1      | Found a faded altar of an unknown god.
   764 | D:1      | Reached XP level 3. HP: 23/23 MP: 3/3
  1221 | D:2      | Noticed Terence
  1234 | D:2      | Killed Terence
  1235 | D:2      | Reached skill level 5 in Short Blades
  1235 | D:2      | Reached skill level 3 in Stealth
  1235 | D:2      | Reached XP level 4. HP: 21/28 MP: 0/4
  1466 | D:2      | Noticed a phantom
  1476 | D:2      | Killed a phantom
  1476 | D:2      | Reached ** piety under Trog
  1477 | D:2      | Reached skill level 4 in Stealth
  1477 | D:2      | Reached XP level 5. HP: 32/32 MP: 2/5
  2020 | D:2      | Reached skill level 5 in Stealth
  2342 | D:3      | Found a sparkling altar of Nemelex Xobeh.
  2538 | D:3      | Found a blossoming altar of Fedhas.
  2596 | D:3      | Reached XP level 6. HP: 33/37 MP: 4/6
  2837 | D:3      | Found a radiant altar of Vehumet.
  2837 | D:3      | Found a burning altar of Makhleb.
  3182 | D:4      | Reached skill level 6 in Stealth
  3411 | D:4      | Noticed Menkaure
  3421 | D:4      | Killed Menkaure
  3422 | D:4      | Reached XP level 7. HP: 24/41 MP: 1/7
  3946 | D:4      | Reached skill level 7 in Stealth
  3987 | D:4      | Found an ancient bone altar of Kikubaaqudgha.
  4401 | D:5      | Entered Level 5 of the Dungeon
  4460 | D:5      | Noticed Eustachio
  4474 | D:5      | Killed Eustachio
  4475 | D:5      | Reached skill level 8 in Stealth
  4475 | D:5      | Reached XP level 8. HP: 46/46 MP: 5/8
  4568 | D:5      | Reached skill level 9 in Stealth
  4616 | D:5      | Reached *** piety under Trog
  4680 | D:5      | Reached skill level 10 in Short Blades
  4739 | D:5      | Reached skill level 10 in Stealth
  4864 | D:5      | Reached XP level 9. HP: 45/51 MP: 9/9
  4898 | D:5      | Noticed Edmund
  4902 | D:5      | Killed Edmund
  4903 | D:5      | Reached skill level 1 in Throwing
  4903 | D:5      | Reached skill level 1 in Evocations
  4920 | D:5      | Noticed Sigmund
  4935 | D:5      | Killed Sigmund
  5115 | D:5      | Found an ornate altar of the Wu Jian Council.
  5205 | D:5      | Found a hide-covered altar of Uskayaw.
  5510 | D:6      | Found a glowing golden altar of the Shining One.
  5734 | D:6      | Found a sand-covered staircase.
  5740 | Ossuary  | Entered an ossuary
  6368 | D:6      | Reached skill level 11 in Stealth
  6597 | D:6      | Reached skill level 5 in Fighting
  6617 | D:6      | Reached **** piety under Trog
  6618 | D:6      | Reached XP level 10. HP: 59/59 MP: 10/10
  6704 | D:6      | Reached skill level 5 in Evocations
  6820 | D:6      | Found a shimmering altar of Xom.
  6852 | D:6      | Found a staircase to the Ecumenical Temple.
  7290 | D:7      | Reached skill level 5 in Throwing
  7401 | D:7      | Reached skill level 12 in Stealth
  7416 | D:7      | Noticed Duvessa
  7437 | D:7      | Killed Duvessa
  7438 | D:7      | Noticed Dowan
  7450 | D:7      | Killed Dowan
  8020 | D:7      | Reached skill level 1 in Shields
  8947 | D:8      | Noticed Harold
  8962 | D:8      | Killed Harold
  9239 | D:8      | Reached XP level 11. HP: 67/67 MP: 11/11
  9241 | D:8      | Reached ***** piety under Trog
  9622 | D:9      | Reached skill level 5 in Dodging
  9693 | D:9      | Found a staircase to the Orcish Mines.
  9698 | D:9      | Reached skill level 13 in Stealth
  9989 | D:9      | Found a staircase to the Lair.
 10366 | D:9      | Noticed an eight-headed hydra
 10579 | D:9      | Killed an eight-headed hydra
 10681 | D:9      | Noticed Pikel
 10690 | D:9      | Killed Pikel
 11028 | D:9      | Noticed Erica
 11032 | D:9      | Killed Erica
 11047 | D:9      | Found a bloodstained altar of Trog.
 11159 | D:9      | Found the +4 dagger "Morg" {pain, Will+ Int+5}
 11287 | D:9      | Noticed a centaur warrior
 11290 | D:9      | Noticed Psyche
 11293 | D:9      | Killed a centaur warrior
 11294 | D:9      | Reached XP level 12. HP: 67/75 MP: 9/12
 11306 | D:9      | Killed Psyche
 11428 | D:9      | Noticed a two-headed ogre
 11454 | D:9      | Killed a two-headed ogre
 11784 | D:10     | Entered Level 10 of the Dungeon
 11928 | D:10     | Noticed Nergalle
 11953 | D:10     | Killed Nergalle
 12259 | D:10     | Noticed a two-headed ogre
 12263 | D:10     | Killed a two-headed ogre
 12264 | D:10     | Reached skill level 14 in Stealth
 12635 | D:10     | Found a large runed translucent door.
 12636 | D:10     | Found a large runed translucent door.
 12849 | D:10     | Found a stormy altar of Qazlal.
 12859 | D:10     | Found a white marble altar of Elyvilon.
 13014 | D:11     | Noticed a two-headed ogre
 13027 | D:11     | Killed a two-headed ogre
 13134 | D:11     | Noticed a two-headed ogre
 13138 | D:11     | Killed a two-headed ogre
 13625 | D:11     | Found Suelix's Magic Scroll Emporium.
 13661 | D:11     | Bought a scroll of fog for 28 gold pieces
 13661 | D:11     | Bought a scroll of enchant weapon for 105 gold pieces
 13661 | D:11     | Bought a scroll of enchant armour for 105 gold pieces
 13661 | D:11     | Bought a scroll of enchant armour for 105 gold pieces
 13661 | D:11     | Bought a scroll of blinking for 105 gold pieces
 13661 | D:11     | Bought a scroll of enchant armour for 105 gold pieces
 13716 | D:11     | Reached skill level 5 in Shields
 14007 | D:12     | Found Daidem's Antique Armour Shop.
 14014 | D:12     | Found Suczee's Antique Weapon Shoppe.
 14021 | D:12     | Found Gunlof's Jewellery Boutique.
 14190 | D:12     | Noticed a seven-headed hydra
 14218 | D:12     | Killed a seven-headed hydra
 14229 | D:12     | Received a gift from Trog
 14236 | D:12     | Reached XP level 13. HP: 80/80 MP: 10/13
 14241 | D:12     | Noticed Kirke
 14272 | D:12     | Killed Kirke
 14440 | D:12     | Found Teosof's General Store.
 14445 | D:12     | Bought a scroll of teleportation for 45 gold pieces
 14486 | D:12     | Found Umudd's General Store.
 14495 | D:12     | Bought a potion of curing for 33 gold pieces
 14495 | D:12     | Bought a scroll of enchant armour for 82 gold pieces
 14817 | D:13     | Noticed a boulder beetle
 14827 | D:13     | Killed a boulder beetle
 14894 | D:13     | You fall into a shaft and drop 2 floors!
 14894 | D:15     | Entered Level 15 of the Dungeon
 15412 | D:12     | Reached skill level 10 in Evocations
 15554 | D:13     | Reached skill level 10 in Fighting
 15601 | D:13     | Reached skill level 15 in Stealth
 15785 | D:13     | Noticed a centaur warrior
 15797 | D:13     | Killed a centaur warrior
 15938 | D:13     | Noticed a centaur warrior
 15942 | D:13     | Killed a centaur warrior
 16639 | D:14     | Noticed a centaur warrior
 16640 | D:14     | Noticed a five-headed hydra
 16645 | D:14     | Killed a centaur warrior
 16657 | D:14     | Killed a five-headed hydra
 16894 | D:14     | Reached skill level 10 in Dodging
 16957 | D:14     | Noticed a centaur warrior
 16961 | D:14     | Killed a centaur warrior
 17091 | D:14     | Noticed a seven-headed hydra
 17092 | D:14     | Noticed a seven-headed hydra
 17094 | D:14     | Noticed a centaur warrior
 17109 | D:14     | Killed a seven-headed hydra
 17117 | D:14     | Killed a centaur warrior
 17118 | D:14     | Reached XP level 14. HP: 90/90 MP: 4/14
 17148 | D:14     | Reached skill level 16 in Stealth
 17593 | D:14     | Found a gate to the Vaults.
 17679 | D:14     | Found Kofyemar's General Store.
 18229 | D:15     | Noticed Louise
 18233 | D:15     | Killed Louise
 18307 | D:15     | Reached skill level 17 in Stealth
 18310 | D:15     | Found a staircase to the Depths.
 18465 | Lair:1   | Entered Level 1 of the Lair of Beasts
 18465 | Lair:1   | Noticed Sonja
 18467 | Lair:1   | Killed Sonja
 18551 | Lair:1   | Found a gate leading to a gauntlet.
 18572 | Gauntlet | Entered a Gauntlet
 18572 | Gauntlet | Found a transporter.
 18584 | Gauntlet | Found a transporter.
 18603 | Gauntlet | Found a transporter.
 18616 | Gauntlet | Found a transporter.
 18634 | Gauntlet | Found a transporter.
 18646 | Gauntlet | Found a transporter.
 18655 | Gauntlet | Found a runed translucent gate.
 18656 | Gauntlet | Found a transporter.
 18656 | Gauntlet | Found a runed translucent gate.
 18657 | Gauntlet | Found a runed translucent gate.
 18659 | Gauntlet | Found the +2 cloak of the Thief {*Fog Slay-2 SInv Stlth+}
 18674 | Gauntlet | Found a transporter.
 18693 | Gauntlet | Found a transporter.
 18705 | Gauntlet | Found a transporter.
 18904 | Gauntlet | Found a transporter.
 18924 | Gauntlet | Found a transporter.
 18934 | Gauntlet | Found a transporter.
 18939 | Gauntlet | Gained mutation: You are dopey. (Int -2) [a neqoxec]
 18955 | Gauntlet | Reached ****** piety under Trog
 18977 | Gauntlet | Found a transporter.
 19070 | Gauntlet | Identified the +5 hunting sling of Causality {freeze,
                  | Int+4}
 19070 | Gauntlet | Noticed a minotaur
 19085 | Gauntlet | Killed a minotaur
 19447 | Lair:1   | Found a blossoming altar of Fedhas.
 19910 | Lair:2   | Reached XP level 15. HP: 96/96 MP: 15/15
 20544 | Lair:2   | Found a transporter.
 20691 | Lair:2   | Found the ring of the Hare {EV+8}
 20711 | Lair:2   | Found a transporter.
 21215 | Lair:3   | Noticed Rupert
 21227 | Lair:3   | Killed Rupert
 21558 | Lair:3   | Received a gift from Trog
 21639 | Lair:3   | Reached skill level 18 in Stealth
 22523 | Lair:4   | Found a staircase to the Snake Pit.
 22573 | Lair:4   | Found a staircase to the Swamp.
 22582 | Lair:4   | Reached skill level 5 in Armour
 23309 | Lair:5   | Found a radiant altar of Vehumet.
 23878 | Lair:5   | You fall into a shaft and drop 1 floor!
 23878 | Lair:6   | Entered Level 6 of the Lair of Beasts
 23965 | Lair:6   | Received a gift from Trog
 24175 | Lair:6   | Found a staircase to the Slime Pits.
 24416 | Lair:6   | Reached XP level 16. HP: 103/103 MP: 16/16
 24767 | Lair:6   | Identified a scroll of acquirement
 25041 | Lair:6   | Acquired 410 gold pieces
 25043 | Lair:6   | Identified the ring "Zeemumi" {rN+ Will+}
 25117 | Lair:6   | Identified the +8 spear "Zitiuqif" {freeze, rF- rN+ Str+2
                  | Int+2}
 26281 | Lair:2   | Found a one-way gate to the infinite horrors of the Abyss.
 26284 | Lair:2   | Noticed adizb's ghost (journeyman MiFi)
 26328 | Lair:2   | Killed adizb's ghost
 26329 | Lair:2   | Reached skill level 19 in Stealth
 27152 | Orc:1    | Entered Level 1 of the Orcish Mines
 27495 | Orc:1    | Received a gift from Trog
 27588 | Orc:1    | Noticed a frost giant
 27613 | Orc:1    | Killed a frost giant
 27693 | Orc:1    | Found the +8 whip "Snakebite" {venom, curare, rPois}
 27694 | Orc:1    | Identified the +6 spear of Malaise {holy, rElec Str+2}
 27980 | Orc:1    | Noticed Jorgrun
 28000 | Orc:1    | Killed Jorgrun
 28001 | Orc:1    | Reached XP level 17. HP: 77/108 MP: 17/17
 28377 | Orc:2    | Entered Level 2 of the Orcish Mines
 28759 | Orc:2    | Received a gift from Trog
 28819 | Orc:2    | Found a staircase to the Elven Halls.
 28845 | Orc:2    | Noticed Nessos
 28857 | Orc:2    | Killed Nessos
 28931 | Orc:2    | Noticed Saint Roka
 28958 | Orc:2    | Killed Saint Roka
 29244 | Orc:2    | Reached skill level 15 in Dodging
 29249 | Orc:2    | Found Barotrun's General Store.
 29249 | Orc:2    | Found Bos Ulle's Magic Scroll Shop.
 29276 | Orc:2    | Found Poad's Antique Weapon Shoppe.
 29287 | Orc:2    | Reached skill level 20 in Stealth
 29304 | Orc:2    | Received a gift from Trog
 29446 | Orc:2    | Found Keklocza's Antique Armour Boutique.
 29736 | Orc:2    | Bought a scroll of teleportation for 42 gold pieces
 29736 | Orc:2    | Bought a scroll of fog for 28 gold pieces
 29736 | Orc:2    | Bought a scroll of fear for 49 gold pieces
 29736 | Orc:2    | Bought a scroll of magic mapping for 49 gold pieces
 29741 | Orc:2    | Bought a scroll of acquirement for 780 gold pieces
 29741 | Orc:2    | Bought a potion of haste for 150 gold pieces
 29741 | Orc:2    | Acquired a manual of Evocations
 29806 | Elf:1    | Entered Level 1 of the Elven Halls
 30151 | Swamp:1  | Entered Level 1 of the Swamp
 30595 | D:12     | Bought a condenser vane for 600 gold pieces
 31187 | Swamp:2  | Found a runed translucent door.
 31188 | Swamp:2  | Noticed bearlyready's ghost (adept OgGl)
 31188 | Swamp:2  | Found the +8 frozen axe "Frostbite" {freezing cloud, *Noise
                  | Fly rC+}
 31257 | Swamp:2  | Reached XP level 18. HP: 115/115 MP: 18/18
 32155 | Swamp:3  | Received a gift from Trog
 32516 | Swamp:4  | Entered Level 4 of the Swamp
 32516 | Swamp:4  | Noticed a tentacled monstrosity
 32528 | Swamp:3  | Killed a tentacled monstrosity
 32529 | Swamp:3  | Reached skill level 15 in Evocations
 32926 | Swamp:4  | Noticed a tentacled monstrosity
 32942 | Swamp:4  | Killed a tentacled monstrosity
 33110 | Swamp:4  | Killed from afar by a will-o-the-wisp

Illustrated notes

Levels and vault maps discovered:
D:1:      elethiomel_arrival_shortcut, layout_loops_ring,
          hellmonk_ecumenical_altar_zigzags, minmay_crystal_water
D:2:      layout_basic, uniq_terence
D:3:      layout_basic, grunt_temple_overflow_lords_of_destruction,
          nemelex_altar_shiori, fedhas_altar_2
D:4:      black_bear_nest_2, layout_basic, mainiacjoe_overflow_surrounded_room,
          minmay_mini_ossuary, uniq_menkaure
D:5:      layout_loops_ring, mainiacjoe_overflow_alcove_2,
          nzn_wu_jian_council_hall, kennysheep_cross_room, minmay_bent,
          uniq_edmund, uniq_sigmund, uniq_eustachio
D:6:      layout_loops_corners, xom_teletrap_fun, nicolae_tso_carved_into_rock,
          minmay_temple_entry_antechambers, nicolae_ossuary_entry_plus,
          wad_rectangle_vault
D:7:      layout_basic, solitary_fountain, uniq_duvessa
D:8:      layout_cave_pools, uniq_harold
D:9:      corexii_shack_village, layout_loops_ring, trog_book,
          grunt_lair_entry_orc_guard_hut, erik_orc_3,
          minmay_mirror_moons_of_madness, uniq_pikel, uniq_erica, uniq_psyche
D:10:     layout_basic, jmf_multi_god_temple2, uniq_nergalle
D:11:     layout_roguey, nicolae_inconvenience_store
D:12:     layout_cave_pools, serial_shops, shop, nicolae_shop_statue_plus, shop,
          nicolae_shop_behind_doors, shop_statue, uniq_kirke
D:13:     layout_long_grid, corexii_leaking_fountain, serial_bayou_lake_a
D:14:     minmay_four_partial_circles, layout_basic, david_vaults_2,
          serial_shops, shop, chequers_serial_rivers_small_b
D:15:     hangedman_depths_entry_civil_slaughter, layout_long_grid, uniq_louise
Lair:1:   layout_cave_pods, gauntlet_entry_generic, hangedman_tree_tricks,
          st_stairs_9, grunt_megastairs_1, infiniplex_staircase_pool_2,
          uniq_sonja
Lair:2:   layout_small_grid, gammafunk_ghost_abyssal_escape, lemuel_fruit_tree,
          serial_bayou_shore_a
Lair:3:   regret_index_wax_grids, layout_long_grid, uniq_rupert
Lair:4:   layout_gridlike, skrybe_swamp_entry_bodies,
          minmay_snake_entry_guardpost_small, patterned_corridor
Lair:5:   layout_cave_pods, basic_altar
Lair:6:   due_jungle_book, layout_gridlike, nicolae_slime_entry_slimehenge,
          small_statue_intersection, minmay_hedge_maze
Swamp:1:  layout_basic_swamp, evilmike_swamp_ruin_house_1, swamp_pool4
Swamp:2:  layout_basic_swamp, gammafunk_ghost_grave,
          nicolae_swamp_trees_clearing, swamp_pool2, nicolae_swamp_small_spring
Swamp:3:  layout_falls_marsh, hangedman_swamp_ruin_wall, swamp_pool2
Swamp:4:  swamp, layout_basic_swamp
Orc:1:    giant_chief_lemuel, layout_caves, basic_altar, uniq_jorgrun
Orc:2:    st_orc_open, layout_diamond_mine, uniq_nessos, uniq_saint_roka
Elf:1:    nicolae_elf_arrival_no_cutting_in_line, layout_loops_cross,
          gammafunk_ghost_arena, serial_co_window_serial, co_window_paths_a,
          co_window_of_opportunity_a, co_window_paths_a, co_window_paths_a,
          co_window_paths_a, co_window_of_opportunity_c,
          co_window_of_opportunity_b, co_window_corner_b, co_window_broadway_b,
          co_window_cross_2, glass_columns_b, glass_columns_b, glass_columns_a,
          orc_legates, uniq_agnes

Skill      XL: |  1  2  3  4  5  6  7  8  9 10 11 12 13 14 15 16 17 18 |
---------------+-------------------------------------------------------+-----
Stealth        | 1 2 3 4 5 6 8 10 11 12 13 14 15 17 18 19 20 | 20.9
Short Blades   | 5 6 7 8 10 11 12 | 12.0
Throwing       | 4 5 |  5.0
Evocations     | 4 6 8 9 10 11 12 14 15 | 15.4
Fighting       | 5 7 8 9 11 12 13 | 13.9
Dodging        | 4 6 8 10 12 13 14 15 16 | 16.0
Shields        | 2 4 5 6 7 9 |  9.5
Armour         | 2 3 5 6 |  6.0

Action                   |  1- 3 |  4- 6 |  7- 9 | 10-12 | 13-15 | 16-18 || total
-------------------------+-------+-------+-------+-------+-------+-------++-------
Melee: Short sword       |    79 |   161 |   279 |   131 |       |       ||   650
       Rapier            |       |       |       |   546 |     7 |       ||   553
       Quick blade       |       |       |       |       |  1107 |  1307 ||  2414
Throw: Boomerang         |       |       |       |     4 |     3 |    16 ||    23
       Dart              |       |       |       |     7 |     4 |       ||    11
       Throwing net      |       |       |       |     1 |       |       ||     1
Invok: Berserk           |     3 |     3 |     7 |    17 |    10 |     5 ||    45
       Brothers in Arms  |       |       |       |       |       |     1 ||     1
Evoke: Wand              |       |       |     2 |    18 |    13 |    17 ||    50
       Box of beasts     |       |       |       |       |     1 |     4 ||     5
       Phantom mirror    |       |       |       |       |       |     3 ||     3
       Condenser vane    |       |       |       |       |       |     1 ||     1
  Use: Potion            |       |     2 |     1 |     1 |     1 |     2 ||     7
       Scroll            |       |       |     6 |     9 |    12 |    11 ||    38
 Stab: Sleeping          |     5 |    13 |    21 |    38 |    64 |    58 ||   199
       Distracted        |       |     1 |       |     4 |     7 |    11 ||    23
       Paralysed         |       |       |       |     3 |       |     3 ||     6
       Invisible         |       |       |       |     2 |     3 |       ||     5
       Held in net/web   |       |       |       |     1 |       |       ||     1
Armor: Animal skin       |     9 |       |       |       |       |       ||     9
       Scale mail        |       |    36 |    59 |   116 |   161 |   101 ||   473
       Leather armour    |       |       |       |       |       |    31 ||    31
Dodge: Dodged            |    49 |    60 |   123 |   293 |   443 |   466 ||  1434
Block: Buckler           |       |       |       |   114 |   150 |   138 ||   402
       Kite shield       |       |       |       |       |       |    87 ||    87
       Reflection        |       |       |       |       |       |     1 ||     1
